 Dungeon Crawl Stone Soup version 0.31-a0-799-g6bc09d010c (webtiles) character file.

Game seed: 15092153224207308354

3423 Newt the Spear-Bearer (level 10, 0/56 HPs)
             Began as a Merfolk Gladiator on Sept 19, 2023.
             Was a Believer of Hepliaklqana.
             Slain by a thrashing horror (3 damage)
             ... on level 1 of the Abyss.
             The game lasted 00:12:13 (8274 turns).

Newt the Spear-Bearer (Merfolk Gladiator)           Turns: 8274, Time: 00:12:14

Health: 0/56       AC: 11    Str: 17    XL:     10   Next: 5%
Magic:  9/9        EV: 20    Int:  8    God:    Hepliaklqana [**....]
Gold:   334        SH:  0    Dex: 15    Spells: 9/9 levels left

rFire   + . .        L - +0 glaive (protect)
rCold   . . .        (shield currently unavailable)
rNeg    . . .        I - +0 acid dragon scales
rPois   .            (helmet restricted)
rElec   .            j - +0 cloak
rCorr   +            J - +0 pair of gloves
SInv    .            z - +0 pair of boots
Will    .....        (no amulet)
Stlth   +++          f - ring of protection from fire
HPRegen 0.29/turn    x - +5 ring of evasion
MPRegen 0.11/turn

%: no passive effects
@: no status effects
A: reduced essence, (nimble swimmer 2), mertail, horns 1, iridescent scales 1,
low MP 1, weak 1, wild magic 1, [frail 2], [inability to drink after injury 2]
a: Renounce Religion, Ancestor Life: Knight, Ancestor Life: Battlemage, Ancestor
Life: Hexer, Recall Ancestor, Ancestor Identity


You were on level 1 of the Abyss.
You worshipped Hepliaklqana.
Hepliaklqana was pleased with you.
You visited 1 branch of the dungeon, and saw 8 of its levels.
You visited the Abyss 1 time.
You also visited: Sewer.

You collected 334 gold pieces.

Inventory:

Hand Weapons
 a - a +0 trident of protection
 L - a +0 glaive of protection (weapon)
Missiles
 d - 2 throwing nets
 e - a javelin
 l - 2 atropa-tipped darts (quivered)
Armour
 b - a +0 leather armour
 c - a +0 helmet
 j - a +0 cloak (worn)
 o - a +2 helmet
 z - a +0 pair of boots (worn)
 I - +0 acid dragon scales (worn)
 J - a +0 pair of gloves (worn)
Jewellery
 f - a ring of protection from fire (left hand)
 x - a +5 ring of evasion (right hand)
 y - a ring of fire
Wands
 B - a wand of digging (2)
 F - a wand of paralysis (3)
 G - a wand of flame (19)
 H - a wand of polymorph (3)
 K - a wand of acid (6)
Scrolls
 i - a scroll of blinking
 m - a scroll of brand weapon
 v - 2 scrolls of immolation
 w - a scroll of vulnerability
 C - a scroll of revelation
 D - a scroll of silence {unknown}
 E - a scroll of enchant weapon {unknown}
Potions
 g - 3 potions of heal wounds
 h - 2 potions of mutation
 k - 2 potions of might
 n - a potion of curing {unknown}
 p - a potion of resistance {unknown}
 s - a potion of berserk rage {unknown}
 t - a potion of degeneration {unknown}
 u - a potion of enlightenment
 A - a potion of magic


   Skills:
 - Level 8.0 Fighting
 + Level 11.7 Polearms
 - Level 2.0 Throwing
 - Level 8.0 Dodging
 - Level 5.0 Stealth
 - Level 5.0 Evocations


You had 9 spell levels left.
You didn't know any spells.
Your spell library contained the following spells:

 Spells                   Type           Power      Damage    Failure   Level
 Animate Dead             Necr           0%         N/A       100%        4
 Haunt                    Necr/Summ      0%         N/A       100%        7
 Infestation              Necr           0%         N/A       100%        8


Dungeon Overview and Level Annotations

Branches:
Dungeon (8/15)             Temple (0/1) D:5           Sewer (visited)
   Lair: D:8-11

Altars:
Dithmenos
Gozag
Hepliaklqana
Kikubaaqudgha
Nemelex Xobeh

Annotations:
D:8 Psyche


Innate Abilities, Weirdness & Mutations

Your life essence is reduced to manifest your ancestor. (-10% HP)
((You are very nimble when in or above water. (Stealth+, EV+, Speed+++)))
Your lower body shifts to a powerful aquatic tail in water.
You have a pair of small horns on your head.
You are partially covered in iridescent scales. (AC +2)
Your magical capacity is low. (-10% MP)
You are weak. (Str -2)
Your spells are a little harder to cast, but a little more powerful.
[You are very frail. (-20% HP)]
[You sometimes lose the ability to drink potions when taking damage.]


Message History

The ball of steam hits the ufetubus!
The ufetubus dies!
A small abomination comes into view.
A tentacled starspawn comes into view.
A neqoxec comes into view.
The neqoxec shouts!
You flicker for a moment.
Found a corrupted altar of Lugonu.
A sixfirhy comes into view.
You flicker back into view.
A smoke demon comes into view.
Your legs become a tail as you enter the water.
Your +0 pair of boots melds into your body.
Your extra speed is starting to run out.
The smoke demon roars!
The smoke demon gestures at you. Something smites you!
A lurking horror comes into view.
The smoke demon gestures at you. The ball of steam hits you. You resist.
* * * LOW HITPOINT WARNING * * *
You feel yourself slow down.
A small abomination comes into view.
Your +0 pair of boots unmelds from your body.
Found a corrupted altar of Lugonu.
A thrashing horror comes into view.
The thrashing horror moves out of view.
The thrashing horror roars!
Found a gateway leading deeper into the Abyss.
The thrashing horror closely misses you. x2
The thrashing horror closely misses you.
The thrashing horror tramples you but does no damage.
The thrashing horror attacks as it pursues you!
The thrashing horror tramples you but does no damage.
The thrashing horror tramples you!
* * * LOW HITPOINT WARNING * * *
You stumble backwards!
The thrashing horror tramples you!
* * * LOW HITPOINT WARNING * * *
You hold your ground!
The thrashing horror tramples you.
You die...

.. # .# # #.##
#.#.# . .# .
#..#. ##.#.### .
..#.###.#.... # .
#.. ......#
...##..###.#.#
#........X@##
...##.#..###..>.#
#.#....#.##...# #
#..###.# ###
#..#.#.. #.#.##..
## #. .#.#.#..# #
##.######..# ._.
..#


You could see a thrashing horror.

Vanquished Creatures
  A great orb of eyes (Abyss:1)
  Maggie (D:7)
  2 water moccasins
  Pargi (Sewer)
  2 ice beasts
  A centaur (D:6)
  A phantom (D:5)
  12 wights (D:6)
  4 killer bees (D:7)
  2 howler monkeys (D:8)
  4 hounds
  2 gnoll boudas
  An orc priest (D:7)
  4 jellies
  Jessica (D:2)
  3 iguanas
  An orc wizard (D:4)
  Robin (D:2)
  4 gnolls (D:7)
  4 adders
  A shadow imp (D:6)
  An ufetubus (D:3)
  A worm (D:3)
  25 orcs
  7 ball pythons
  2 endoplasms
  5 giant cockroaches
  7 hobgoblins
  3 jackals (D:5)
  8 kobolds
  2 quokkas (D:4)
  3 bats
  6 frilled lizards
  13 goblins
  2 rats (D:3)
138 creatures vanquished.

Vanquished Creatures (collateral kills)
  A black bear (D:7)
  A centaur (D:7)
  A killer bee (D:7)
  A howler monkey (D:7)
  2 orc wizards (D:7)
  A gnoll (D:8)
  4 orcs (D:7)
11 creatures vanquished.

Vanquished Creatures (others)
  2 ancestors (D:7)
  An ufetubus (Abyss:1)
  A lurking horror (Abyss:1)
4 creatures vanquished.

Grand Total: 153 creatures vanquished

Notes
Turn   | Place    | Note
-------+----------+-------------------------------------------
     0 | D:1      | Newt the Merfolk Gladiator began the quest for the Orb.
     0 | D:1      | Reached XP level 1. HP: 16/16 MP: 1/1
     6 | D:1      | Noticed a salamander
     6 | D:1      | Noticed a polar bear
     7 | D:1      | Noticed a rime drake
     7 | D:1      | Noticed a lindwurm
   166 | D:1      | Reached XP level 2. HP: 21/22 MP: 2/2
   857 | D:2      | Reached skill level 5 in Polearms
   908 | D:2      | Noticed Robin
   963 | D:2      | Reached XP level 3. HP: 14/27 MP: 3/3
  1180 | D:2      | Killed Robin
  1181 | D:2      | Reached skill level 6 in Polearms
  1496 | D:2      | Noticed Jessica
  1507 | D:2      | Killed Jessica
  1508 | D:2      | Reached XP level 4. HP: 29/33 MP: 4/4
  1872 | D:3      | Found a shadowy altar of Dithmenos.
  1931 | D:3      | Found a glowing drain.
  1960 | Sewer    | Entered a sewer
  1985 | Sewer    | Noticed Pargi
  1994 | Sewer    | Killed Pargi
  1995 | Sewer    | Reached skill level 8 in Polearms
  1995 | Sewer    | Reached XP level 5. HP: 36/39 MP: 5/5
  2250 | D:3      | Found an ancient bone altar of Kikubaaqudgha.
  2534 | D:3      | Found a sparkling altar of Nemelex Xobeh.
  2947 | D:4      | Reached XP level 6. HP: 35/47 MP: 6/6
  3965 | D:5      | Entered Level 5 of the Dungeon
  3975 | D:5      | Reached skill level 5 in Fighting
  4032 | D:5      | Found a staircase to the Ecumenical Temple.
  4083 | D:5      | Found a hazy altar of Hepliaklqana.
  4088 | D:5      | Became a worshipper of Hepliaklqana the Forgotten
  4632 | D:5      | Noticed a water moccasin
  5062 | D:5      | Reached skill level 5 in Dodging
  5062 | D:5      | Reached XP level 7. HP: 46/56 MP: 7/7
  5619 | D:6      | Found an opulent altar of Gozag.
  5700 | D:6      | Reached XP level 8. HP: 50/63 MP: 8/8
  6224 | D:6      | Reached skill level 1 in Evocations
  6350 | D:6      | Reached * piety under Hepliaklqana
  6489 | D:6      | Reached XP level 9. HP: 66/66 MP: 9/9
  6625 | D:7      | Noticed Maggie
  6653 | D:7      | Killed Maggie
  6654 | D:7      | Reached skill level 5 in Evocations
  6833 | D:7      | Reached skill level 5 in Stealth
  7438 | D:7      | Reached skill level 9 in Polearms
  7438 | D:7      | Gained mutation: Your spells are a little harder to cast,
                  | but a little more powerful. [potion of mutation]
  7438 | D:7      | Gained mutation: You are robust. (+10% HP) [potion of
                  | mutation]
  7438 | D:7      | Gained mutation: Your body sometimes deteriorates upon
                  | taking damage. [potion of mutation]
  7439 | D:7      | Lost mutation: You are robust. (+10% HP) [potion of
                  | mutation]
  7439 | D:7      | Lost mutation: Your body sometimes deteriorates upon taking
                  | damage. [potion of mutation]
  7439 | D:7      | Gained mutation: You are partially covered in iridescent
                  | scales. (AC +2) [potion of mutation]
  7439 | D:7      | Gained mutation: Your magical capacity is low. (-10% MP)
                  | [potion of mutation]
  7439 | D:7      | Gained mutation: You are weak. (Str -2) [potion of
                  | mutation]
  7439 | D:7      | Gained mutation: You have a pair of small horns on your
                  | head. [potion of mutation]
  7900 | D:8      | Noticed Psyche
  7918 | Abyss:1  | Cast into level 1 of the Abyss (Psyche)
  7924 | Abyss:1  | Found a corrupted altar of Lugonu.
  7925 | Abyss:1  | Found a corrupted altar of Lugonu.
  7929 | Abyss:1  | Found a corrupted altar of Lugonu.
  7954 | Abyss:1  | Noticed an ancient zyme
  7957 | Abyss:1  | Noticed a rust devil
  8003 | Abyss:1  | Noticed a great orb of eyes
  8027 | Abyss:1  | Paralysed by a great orb of eyes for 3 turns
  8031 | Abyss:1  | Killed a great orb of eyes
  8032 | Abyss:1  | Reached skill level 11 in Polearms
  8032 | Abyss:1  | Reached XP level 10. HP: 27/72 MP: 9/9
  8045 | Abyss:1  | Found a corrupted altar of Lugonu.
  8061 | Abyss:1  | Noticed a wretched star
  8062 | Abyss:1  | Noticed a revenant
  8062 | Abyss:1  | Reached ** piety under Hepliaklqana
  8185 | Abyss:1  | Noticed a worldbinder
  8187 | Abyss:1  | Noticed a smoke demon
  8201 | Abyss:1  | Noticed a tentacled starspawn
  8215 | Abyss:1  | Found a corrupted altar of Lugonu.
  8215 | Abyss:1  | Found a corrupted altar of Lugonu.
  8215 | Abyss:1  | Found a corrupted altar of Lugonu.
  8217 | Abyss:1  | Noticed a sixfirhy
  8227 | Abyss:1  | Noticed a smoke demon
  8265 | Abyss:1  | Found a corrupted altar of Lugonu.
  8268 | Abyss:1  | Noticed a thrashing horror
  8274 | Abyss:1  | Slain by a thrashing horror

Illustrated notes

Levels and vault maps discovered:
D:1:      onia_arrival_zoo_common, layout_basic
D:2:      layout_rooms, uniq_robin, uniq_jessica
D:3:      layout_basic, mainiacjoe_overflow_chevrons, grunt_dithmenos_smoke,
          mainiacjoe_overflow_alcove_4, gup_sewer_entry_glass
D:4:      layout_rooms, kennysheep_cluttered_room
D:5:      layout_layer_cave, nicolae_hepliaklqana_hippocampus,
          minmay_temple_entry_from_below_a, grunt_ministairs_8
D:6:      layout_basic, kennysheep_mini_moat, kennysheep_generic_room_11
D:7:      layout_loops_corners, uniq_maggie
D:8:      layout_loops_ring, marbit_many_paths, nzn_makhleb_speed_demon,
          nicolae_ru_sacrificial_ziggurat, fedhas_ov_isle_minmay, serial_shops,
          nicolae_shop_tiny_statue_garden, hangedman_decor_riveting,
          minmay_misc_feat_pillars, nicolae_twisty_statue_hallways, uniq_joseph,
          uniq_maurice, uniq_psyche
Abyss:1:  base: Temple, minivault_26

Skill      XL: |  1  2  3  4  5  6  7  8  9 |
---------------+----------------------------+-----
Polearms       | 5 6 8 11 | 11.7
Fighting       | 3 5 8 |  8.0
Dodging        | 5 8 |  8.0
Evocations     | 4 5 |  5.0
Stealth        | 5 |  5.0
Throwing       | |  2.0

Action                     |  1- 3 |  4- 6 |  7- 9 | 10-12 || total
---------------------------+-------+-------+-------+-------++-------
  Melee: Trident           |   104 |   207 |   358 |       ||   669
         Punch             |     1 |     2 |     2 |       ||     5
         Glaive            |       |       |    73 |       ||    73
         Unarmed           |       |       |    15 |       ||    15
         Headbutt          |       |       |     9 |       ||     9
  Throw: Throwing net      |     2 |     2 |       |       ||     4
         Dart              |     1 |     4 |     4 |       ||     9
  Evoke: Wand              |       |       |     9 |       ||     9
    Use: Scroll            |     1 |     7 |     2 |     2 ||    12
         Potion            |       |     1 |     9 |     2 ||    12
   Stab: Invisible         |     1 |     3 |       |       ||     4
         Sleeping          |       |     4 |     3 |       ||     7
         Distracted        |       |     1 |       |       ||     1
         Paralysed         |       |       |    15 |       ||    15
 Armour: Leather armour    |    55 |    91 |    83 |       ||   229
         Acid dragon scale |       |       |    94 |     7 ||   101
         Skin              |       |       |     1 |       ||     1
  Dodge: Dodged            |    68 |   125 |   424 |     5 ||   622

Table legend: (Time is in decaauts)
 A = Elapsed time spent in this place.
 B = Non-inter-level travel time spent in this place.
 C = Inter-level travel time spent in this place.
 D = Time resting spent in this place.
 E = Time spent auto-exploring this place.
 F = Levels seen in this place.
 G = Mean time per level.
                   A        B        C        D        E       F      G
               +--------+--------+--------+--------+--------+-----+--------+
         Total |   8127 |   7789 |    338 |   1700 |   4575 |  10 |  812.7 |
       Dungeon |   7654 |   7316 |    338 |   1577 |   4484 |   8 |  956.8 |
         Abyss |    314 |    314 |      0 |    117 |      0 |   1 |  314.0 |
         Sewer |    158 |    158 |      0 |      6 |     91 |   1 |  158.0 |
               +--------+--------+--------+--------+--------+-----+--------+

Top non-repeatable levels by time:
     D:7: 1292 daAuts
     D:4: 1286 daAuts
     D:5: 1269 daAuts
     D:6: 1066 daAuts
     D:2: 969 daAuts
     D:3: 918 daAuts
     D:1: 804 daAuts
 Abyss:1: 314 daAuts
   Sewer: 158 daAuts
     D:8: 47 daAuts
